 Dungeon Crawl Stone Soup version 0.28.0-53-g5a82cb258f (webtiles) character file.

Game seed: 16078236977099966644

2 jonaskbp the Grave Robber (level 1, 0/13 HPs)
             Began as a Vampire Necromancer on Aug 17, 2022.
             Slain by a kobold
             ... wielding a +0 dagger
              (2 damage)
             ... on level 1 of the Dungeon.
             The game lasted 00:05:08 (92 turns).

jonaskbp the Grave Robber (Vampire Necromancer)       Turns: 92, Time: 00:05:09

Health: 0/13       AC:  2    Str:  7    XL:     1   Next: 33%
Magic:  3/3        EV: 12    Int: 17    God:
Gold:   29         SH:  0    Dex: 14    Spells: 3/4 levels left

rFire   . . .      SeeInvis +   d - +0 dagger
rCold   . . .      Faith    .   (no shield)
rNeg    . . .      Spirit   .   a - +0 robe
rPois   .          Reflect  .   (no helmet)
rElec   .          Harm     .   (no cloak)
rCorr   .          Rampage  .   (no gloves)
Will    .....                   (no boots)
Stlth   ++........              (no amulet)
HPRegen 0.24/turn               (no ring)
MPRegen 0.08/turn               (no ring)

@: healing quickly
A: alive, fangs 3, see invisible, vampiric 1
a: Exsanguinate


You were on level 1 of the Dungeon.
You visited 1 branch of the dungeon, and saw 1 of its levels.

You collected 29 gold pieces.

Inventory:

Hand Weapons
 d - a +0 dagger (weapon)
Armour
 a - a +0 robe (worn)
Scrolls
 b - a scroll of enchant armour {unknown}
Potions
 c - a potion of magic {unknown}


   Skills:
 + Level 2.1 Dodging
 + Level 3.0 Stealth
 + Level 2.0 Spellcasting
 + Level 4.5 Necromancy


You had 3 spell levels left.
You knew the following spells:

 Your Spells              Type           Power      Damage    Failure   Level
a - Pain                  Necr           68%        1d7       3%          1

Your spell library contained the following spells:

 Spells                   Type           Power      Damage    Failure   Level
 Animate Skeleton         Necr           34%        N/A       3%          1
 Vampiric Draining        Necr           17%        2d7       9%          3
 Animate Dead             Necr           8%         N/A       30%         4
 Agony                    Necr           17%        N/A       63%         5


Dungeon Overview and Level Annotations

Branches:
Dungeon (1/15)

Altars:


Innate Abilities, Weirdness & Mutations

Your natural rate of healing is accelerated.
You have razor-sharp teeth.
You have supernaturally acute eyesight. (SInv)
You are afflicted with vampirism.


Message History

You hit the quokka.
The quokka is severely wounded.
The quokka bites you.
You closely miss the quokka.
The quokka is severely wounded.
The quokka bites you.
You miss the quokka.
The quokka is severely wounded.
The quokka bites you but does no damage.
The kobold hits you but does no damage.
You hit the quokka but do no damage.
The quokka is severely wounded.
The quokka barely misses you. The kobold hits you with a +0 dagger.
* * * LOW HITPOINT WARNING * * *
You closely miss the quokka.
The quokka is severely wounded.
The quokka bites you.
* * * LOW HITPOINT WARNING * * *
The quokka closely misses you.
You hit the quokka but do no damage.
The quokka is severely wounded.
The quokka barely misses you.
You hit the quokka.
The quokka is almost dead.
The quokka barely misses you.
You hit the quokka.
You kill the quokka!
You barely miss the kobold. The kobold hits you but does no damage.
You hit the kobold but do no damage. The kobold hits you with a +0 dagger.
* * * LOW HITPOINT WARNING * * *
You hit the kobold.
The kobold is severely wounded.
The kobold closely misses you.
You barely miss the kobold.
The kobold is severely wounded.
The kobold completely misses you.
You hit the kobold but do no damage.
The kobold is severely wounded.
The kobold hits you with a +0 dagger.
You die...

############ #..........#
#..........# #..........#
######### #..........# ........#
#..........# ........#
#..........# ........#
***#K#***,******* ........#
####@# *,,,,,,,* ........# #....#
**,****,***** ........## #.####
*⌠,⌠* *,**,,, .........####.#
**,** *,**,,, ..............#####
*⌠_⌠* *,,,,,, ########.###......#
**,** ***,,,,
,..,*#.....#.####.#**⌠,⌠***,,,,,,
,*#.##.....#.#***,,,**,***,,**,,,
,*#..........#..,,,,,,,,,,,,,,,,,


You could see a kobold.

Vanquished Creatures
  A goblin (D:1)
  A quokka (D:1)
2 creatures vanquished.

Notes
Turn   | Place    | Note
-------+----------+-------------------------------------------
     0 | D:1      | jonaskbp the Vampire Necromancer began the quest for the
                  | Orb.
     0 | D:1      | Reached XP level 1. HP: 13/13 MP: 3/3
    92 | D:1      | Slain by a kobold

Illustrated notes

Levels and vault maps discovered:
D:1:      tarquinn_simple_flora_water_d, layout_rooms,
          ebering_ecumenical_altar_hall

Action                   || total
-------------------------++-------
Melee: Dagger            ||    13
       Unarmed           ||     4
  Use: Scroll            ||     2
Armor: Robe              ||     5
Dodge: Dodged            ||     6
